 Dungeon Crawl Stone Soup version 0.21.0-3-g78d12a8bdd (webtiles) character file.

1953127 NixNut the Slayer (level 27, 124/192 HPs)
             Began as a Gargoyle Gladiator on Jan 9, 2018.
             Was the Champion of Makhleb.
             Escaped with the Orb
             ... and 3 runes on Jan 14, 2018!
             The game lasted 06:15:45 (50332 turns).

NixNut the Slayer (Gargoyle Gladiator)             Turns: 50332, Time: 06:15:46

Health: 124/192    AC: 61    Str: 25    XL:     27
Magic:  41/41      EV: 15    Int: 12    God:    Makhleb [******]
Gold:   5784       SH:  0    Dex: 18    Spells: 26/26 levels left

rFire    + + +     SeeInvis +   O - +6 battleaxe "Lifebane" {flame, rF++ SInv}
rCold    + + .     Gourm    .   (shield currently unavailable)
rNeg     + . .     Faith    .   e - +6 gold dragon scales
rPois    ∞         Spirit   .   (helmet restricted)
rElec    +         Reflect  .   p - scarf {repulsion}
rCorr    +         Harm     .   G - +2 pair of gloves
MR       ++...     Rnd*Rage +   Y - +2 pair of boots
Stlth    ..........             J - amulet "Ninaresk" {+Rage rPois Dex+2 Slay+3}
HPRegen  0.42/turn              P - ring of Temptation {*Contam rElec rF+ rC+ MP+9 Dex+4}
MPRegen  0.27/turn              E - ring of resist corrosion

@: flying, repel missiles
A: antennae 1, big wings, slimy green scales 1, berserk 1, blurry vision 2,
deterioration 1, low mp 1, negative energy resistance 1, screaming 1,
electricity resistance, weak 1, unbreathing, petrification resistance, rot
immunity, MP-powered wands, AC +20
0: Orb of Zot
}: 3/15 runes: decaying, serpentine, silver
a: Stop Flying, Minor Destruction, Lesser Servant of Makhleb, Major Destruction,
Greater Servant of Makhleb, Renounce Religion, Evoke Berserk Rage


You escaped.
You worshipped Makhleb.
Makhleb was exalted by your worship.
You were not hungry.

You visited 9 branches of the dungeon, and saw 47 of its levels.
You also visited: Bailey and Desolation.

You collected 6048 gold pieces.
You spent 264 gold pieces at shops.

Inventory:

Hand Weapons
 k - the +11 broad axe of Valiance {flame, Str-3 Dex+4}
   (You found it on level 5 of the Vaults)

   It has been specially enchanted to burn those struck by it, causing extra
   injury to most foes and up to half again as much damage against particularly
   susceptible opponents.
   Big, fiery blades are also staple armaments of hydra-hunters.
   It affects your strength (-3).
   It affects your dexterity (+4).
 C - a +2 war axe of distortion
 O - the +6 battleaxe "Lifebane" (weapon) {flame, rF++ SInv}
   (You acquired it on level 2 of the Snake Pit)

   It has been specially enchanted to burn those struck by it, causing extra
   injury to most foes and up to half again as much damage against particularly
   susceptible opponents.
   Big, fiery blades are also staple armaments of hydra-hunters.
   It greatly protects you from fire.
   It lets you see invisible.
Missiles
 s - 5 throwing nets (quivered)
Armour
 e - +6 gold dragon scales (worn)
 p - a scarf of repulsion (worn)
 G - a +2 pair of gloves (worn)
 R - a +2 cloak
 Y - a +2 pair of boots (worn)
Jewellery
 h - an uncursed ring of protection from magic
 q - a +5 ring of protection
 u - an uncursed ring of protection from cold
 E - a ring of resist corrosion (right hand)
 J - the amulet "Ninaresk" (around neck) {+Rage rPois Dex+2 Slay+3}
   (You found it in a bailey)

   [amulet of rage]

   It affects your dexterity (+2).
   It affects your accuracy and damage with ranged weapons and melee attacks
   (+3).
   It protects you from poison.
   It lets you go berserk.
 P - the ring of Temptation (left hand) {*Contam rElec rF+ rC+ MP+9 Dex+4}
   (You took it off an ironbrand convoker on level 4 of the Vaults)

   [ring of protection from cold]

   It affects your dexterity (+4).
   It protects you from fire.
   It protects you from cold.
   It insulates you from electricity.
   It affects your magic capacity (+9).
   It causes magical contamination when unequipped.
 W - a +2 ring of dexterity {unknown}
 X - a +2 amulet of reflection
Wands
 c - a wand of polymorph (15)
 d - a wand of digging (42)
 x - a wand of flame (119)
 y - a wand of paralysis (79)
 K - a wand of acid (24)
 L - a wand of scattershot (16)
 T - a wand of iceblast (12)
 U - a wand of clouds (5)
Scrolls
 a - 7 scrolls of fog
 b - a scroll of magic mapping
 i - 7 scrolls of teleportation
 j - 2 scrolls of blinking
 l - 10 scrolls of immolation
 m - 23 scrolls of remove curse
 z - 3 scrolls of fear
 I - 2 scrolls of silence
 N - 7 scrolls of enchant weapon
Potions
 g - 5 potions of cancellation
 o - a potion of might
 r - 2 potions of agility
 t - 6 potions of lignification
 v - a potion of resistance
 w - 6 potions of curing
 A - 2 potions of magic
 B - 5 potions of ambrosia
 D - a potion of heal wounds
 Q - a potion of invisibility
Comestibles
 f - 49 rations


   Skills:
 * Level 24.7 Fighting
 - Level 19.6(20.0) Axes
   Level 7.3(15.7) Maces & Flails
 - Level 1.7 Throwing
 + Level 22.6 Armour
 + Level 15.7 Dodging
   Level 5.0 Shields
 + Level 18.0 Invocations


You had 26 spell levels left.
You didn't know any spells.

Dungeon Overview and Level Annotations

Branches:
Dungeon (15/15)            Temple (1/1) D:5            Lair (6/6) D:8
  Swamp (4/4) Lair:2        Snake (4/4) Lair:2        Slime (0/5) Lair:5
    Orc (2/2) D:9             Elf (0/3) Orc:2        Vaults (5/5) D:14
 Depths (5/5) D:15            Zot (5/5) Depths:5
  Crypt: Vaults:2-3

Altars:
Ashenzari
Cheibriados
Dithmenos
Elyvilon
Gozag
Hepliaklqana
Kikubaaqudgha
Makhleb
Nemelex Xobeh
Okawaru
Qazlal
Ru
Sif Muna
Trog
Uskayaw
Vehumet
Wu Jian
Xom
Yredelemnul
Zin
The Shining One
Beogh
Jiyva

Shops:
D:6 !   D:11 }   D:14 ?   Orc:2 *((   Vaults:2 }

Portals:
Hell: Depths:1 Depths:2 Depths:4 Depths:5
Abyss: Depths:1 Depths:4

Annotations:
D:3 Ykky's ghost, amateur DsMo
D:4 puimuR's ghost, weakling HOMo
D:12 exclusions: ice statue and oklob plant
Snake:4 exclusion: upstairs
Depths:1 exclusion: door
Depths:2 6 runed doors, exclusions: door, orange crystal statue and 2 more exclusions
Zot:3 exclusion: downstairs


Innate Abilities, Weirdness & Mutations

You are resistant to torment.
Your stone body is resilient. (AC +20)
You are immune to poison.
Your large and strong wings let you fly indefinitely.
You resist negative energy. (rN+)
You are resistant to electric shocks. (rElec)
You can survive without breathing.
You are immune to petrification.
You are immune to rotting.
You have a pair of small antennae on your head.
You are partially covered in slimy green scales. (AC +2)
You tend to lose your temper in combat.
Scrolls take you longer to read.
Your body sometimes deteriorates upon taking damage.
Your magical capacity is low. (-10% MP)
You occasionally shout uncontrollably at your foes.
You are weak. (Str -2)
You expend magic power (3 MP) to strengthen your wands.


Message History

Really read with blurry vision while enemies are nearby?
You begin reading the scroll.
You continue reading the scroll.
As you read the scroll of teleportation, it crumbles to dust.
You feel strangely unstable.
You feel the Orb delaying your translocation!
Your extra speed is starting to run out.
Eduet hits you but does no damage. Space warps horribly around you!
You feel yourself slow down. Eduet hits you but does no damage.
You blink.
Your surroundings suddenly seem different.
There is a stone staircase leading up here.
You fly upwards.
There is a stone staircase leading down here.
You drop a throwing net.
Evoke which item? (* to show all) (? for menu, Esc to quit)
Aiming: Dig
Press: ? - help, Shift-Dir - straight line The rock shatters into small pieces.
There is a staircase leading out of the dungeon here.
You have escaped!

.......#..#####
##.##...#####.#
..........# #...##.## #.#
..##..##..# ### #......#
#.# #(...####.# #.#
#.....## #.# ##..## ##.#
#.# #......# #.# #..#
##..# #.# ######[# #..
##..###...# #.######## #.#
### ........#.# #.#......#
#.# .(......#.#
#.#.@....###.#
##..###...###.#..........#
#..# ##...##.#......#####
##..## ##..##.#.....##
#....####.....#....##
(.##..##..###.#.....##
).........# #.#......##
###...##### #.#..#....##
###.##### #.##..##...## ##


There were no monsters in sight!

Vanquished Creatures
  3 orbs of fire (Zot:5)
  2 ancient liches (Zot:5)
  4 caustic shrikes
  A curse toe (Zot:5)
  7 golden dragons
  2 Killer Klowns (Zot:5)
  Jory (Depths:4)
  the Enchantress (Depths:4)
  2 bone dragons (Depths:3)
  3 electric golems (Zot:5)
  15 tentacled monstrosities
  3 liches
  22 Orb Guardians
  5 quicksilver dragons
  5 titans
  4 sphinxes
  A death cob (Zot:1)
  14 storm dragons
  3 thorn hunters
  10 shadow dragons
  6 draconian monks
  Roxanne (Snake:4)
  8 nagarajas
  8 tengu reavers
  An azure jelly (Swamp:4)
  9 fire giants
  2 ghost moths
  An iron dragon (shapeshifter) (Vaults:5)
  7 draconian knights
  6 draconian scorchers
  12 frost giants
  A deep elf sorcerer (Depths:5)
  3 iron dragons
  3 draconian stormcallers
  12 ironheart preservers
  Louise (Depths:1)
  10 vault wardens
  Aizul (Snake:1)
  10 draconian annihilators
  3 ghouls (D:14)
  18 very ugly things
  6 draconian shifters
  4 spriggan defenders
  A deep elf elementalist (Depths:5)
  19 stone giants
  7 green draconians
  9 black draconians
  3 deep elf demonologists
  2 vampire knights (Depths:5)
  5 red draconians
  Nessos (Lair:5)
  5 purple draconians
  15 white draconians
  2 spark wasps (Depths:4)
  A halazid warlock (Desolation)
  9 yellow draconians
  3 deep elf death magi
  10 ettins
  8 fire dragons
  Snorg (Lair:4)
  4 crystal guardians
  15 yaktaur captains
  4 great orbs of eyes
  A peacekeeper (Desolation)
  2 deep elf high priests
  Erolcha (D:9)
  31 vault guards
  17 ice dragons
  4 rakshasas
  15 hydras
  7 naga warriors
  A ragged hierophant (Vaults:2)
  A servant of whispers (Desolation)
  3 spriggan air magi
  6 death knights
  19 two-headed ogres
  9 alligators
  10 deep troll shamans
  8 ogre magi
  8 anacondas
  5 centaur warriors
  3 death yaks (D:8)
  5 tengu warriors
  2 spriggan berserkers
  A vampire mage (Depths:2)
  7 shock serpents
  The ghost of Roak the Skirmisher, a novice TrWr of Cheibriados (D:8)
  7 deep elf knights
  13 naga sharpshooters
  2 dancing weapons (Depths:3)
  3 orc high priests (Orc:2)
  11 deep troll earth magi
  4 skeletal warriors
  5 hell knights
  7 salamander mystics
  5 iron trolls
  38 deep trolls
  2 shadow wraiths
  3 deep elf archers
  3 flayed ghosts
  2 unseen horrors
  4 sea snakes
  9 wizards
  A sea snake (shapeshifter) (Vaults:5)
  8 naga ritualists
  9 glowing orange brains
  9 ironbrand convokers
  2 swamp dragons
  2 spriggan druids
  A wolf spider (shapeshifter) (Depths:5)
  An obsidian statue (Zot:5)
  5 necromancers
  3 shambling mangroves
  5 phantasmal warriors
  14 mana vipers
  12 harpies
  6 orc sorcerers
  10 deep elf magi
  A shining eye (shapeshifter) (Depths:5)
  9 orc knights
  30 ugly things
  2 large abominations (D:14)
  12 salamanders
  A mana viper (shapeshifter) (Vaults:1)
  A wolf spider (Vaults:2)
  A cyclops (shapeshifter) (Depths:2)
  5 cyclopes
  25 moths of wrath
  8 vault sentinels
  3 guardian serpents
  Joseph (D:7)
  2 elephants (Lair:5)
  A water nymph (shapeshifter) (Vaults:4)
  25 black mambas
  Psyche (D:12)
  A gargoyle (D:15)
  17 naga magi
  4 centaur skeletons
  A kobold demonologist (D:14)
  24 spiny frogs
  A redback zombie (D:15)
  5 komodo dragons
  16 freezing wraiths
  A rime drake (Lair:6)
  37 yaktaurs
  A hellwing (D:9)
  9 tengu conjurers
  A queen bee (shapeshifter) (Depths:2)
  3 meliai
  4 tyrant leeches
  3 polar bears
  7 trolls
  19 hornets
  13 saltlings
  29 blink frogs
  6 bog bodies
  8 hippogriffs
  A meliai zombie (D:14)
  53 slime creatures
  A dream sheep (Lair:6)
  4 air elementals
  A vampire (D:10)
  20 spriggans
  A spriggan (shapeshifter) (D:14)
  2 wyverns
  4 shadows
  20 humans (D:14)
  10 water elementals
  53 yaks
  8 wraiths
  A basilisk (Lair:3)
  4 hungry ghosts
  4 small abominations (D:14)
  A steam dragon (D:9)
  A warg (Orc:2)
  Menkaure (D:4)
  12 vampire mosquitoes
  36 nagas
  17 insubstantial wisps
  4 swamp worm simulacra (Swamp:4)
  20 swamp worms
  Edmund (D:4)
  2 acid dragons
  19 water moccasins
  16 hydra simulacra (Swamp:4)
  7 swamp drakes
  38 orc warriors
  10 porcupines
  An ice beast (shapeshifter) (Vaults:5)
  10 black bears
  A hornet zombie (D:14)
  9 sky beasts
  3 eyes of draining
  13 ice beasts
  2 necrophages
  7 boggarts
  A phantom (D:6)
  18 wolves (Lair:6)
  20 ogres
  3 centaurs
  8 crocodiles
  A crocodile (shapeshifter) (Vaults:5)
  9 big kobolds
  Blork the orc (D:4)
  13 bullfrogs
  A wyvern zombie (D:14)
  A gnoll sergeant (D:9)
  6 scorpions
  2 wyvern skeletons
  3 killer bees (D:11)
  4 wights (D:8)
  6 howler monkeys
  8 electric eels
  10 crimson imps
  2 bullfrog zombies
  8 centaur zombies
  6 lava snakes (Snake:2)
  2 hounds
  12 orc priests
  9 jellies
  Terence (D:2)
  4 iguanas
  28 orc wizards
  Natasha (thrice) (D:2)
  9 hell rats
  6 worker ants
  A hound skeleton (D:6)
  2 hound zombies
  2 mummies (D:14)
  A worker ant zombie (D:10)
  Robin (D:3)
  6 gnolls
  17 adders
  A river rat (D:8)
  3 shadow imps
  A white imp (D:12)
  4 swamp drake simulacra (Swamp:4)
  7 oozes
  An adder skeleton (D:8)
  A worm (shapeshifter) (Vaults:5)
  3 worms
  3 dart slugs
  The ghost of Esekla the Conjurer, a weakling FoCj (D:6)
  4 leopard geckos
  112 orcs
  10 ball pythons
  5 bats
  8 giant cockroaches
  19 goblins
  12 hobgoblins
  9 jackals
  11 quokkas
  6 frilled lizards
  A jackal zombie (D:5)
  20 kobolds
  2 quokka skeletons
  9 rats
  11 briar patches
  4 bushes (D:15)
  A fungus (Lair:6)
1998 creatures vanquished.

Vanquished Creatures (collateral kills)
  An ancient lich (Zot:5)
  Vashnia (Snake:4)
  2 tentacled monstrosities
  A lich (Vaults:5)
  A titan (Vaults:5)
  A tengu reaver (Vaults:5)
  3 nagarajas (Snake:4)
  2 vault wardens (Vaults:1)
  An orc warlord (Vaults:5)
  A draconian knight (Zot:5)
  The ghost of Pixllover the Severer, a journeyman MiBe of Trog (Depths:1)
  An ironheart preserver (Vaults:5)
  2 stone giants
  2 very ugly things (Vaults:4)
  An entropy weaver (shapeshifter) (Vaults:1)
  A yellow draconian (Zot:5)
  2 purple draconians (Zot:4)
  A great orb of eyes (Depths:1)
  A yaktaur captain (Vaults:1)
  A deep elf high priest (Vaults:5)
  An anaconda (Snake:4)
  A naga warrior (Snake:4)
  A centaur warrior (D:14)
  4 two-headed ogres
  A naga sharpshooter (Snake:4)
  A deep elf knight (Vaults:5)
  A skeletal warrior (D:14)
  A salamander mystic (Snake:4)
  2 ironbrand convokers
  A deep elf archer (Vaults:1)
  4 ugly things
  A mana viper (Snake:4)
  2 elephants (Lair:5)
  A cyclops (Vaults:1)
  A vault sentinel (Vaults:1)
  2 guardian serpents (Snake:4)
  2 naga magi (Snake:4)
  3 yaktaurs (Vaults:1)
  3 large abominations (D:14)
  A bog body (Swamp:3)
  A wind drake (shapeshifter) (Vaults:1)
  2 yaks (D:11)
  A swamp worm (Lair:2)
  8 nagas (Snake:4)
  A boggart (Depths:4)
  2 ogres (D:15)
  3 small abominations (D:14)
  5 jellies (D:12)
  A mummy (D:14)
  4 oozes (D:12)
  A bush (D:15)
90 creatures vanquished.

Vanquished Creatures (others)
  A deep elf elementalist (Vaults:5)
  A red draconian (Zot:5)
  An ice dragon (Swamp:4)
  An ogre mage (Depths:4)
  A spriggan (Depths:3)
  2 moths of wrath (Zot:5)
  A black mamba (Snake:4)
  A spiny frog (Swamp:4)
  A hornet (Depths:3)
  An air elemental (Depths:3)
  2 nagas (Snake:4)
  A swamp drake (Swamp:4)
  An orc warrior (Vaults:5)
  4 boggarts (Depths:4)
  A briar patch (Swamp:1)
  5 bushes (D:15)
  7 fungi
  3 plants (D:13)
35 creatures vanquished.

Grand Total: 2123 creatures vanquished

Notes
Turn   | Place    | Note
-------+----------+-------------------------------------------
     0 | D:1      | NixNut the Gargoyle Gladiator began the quest for the Orb.
     0 | D:1      | Reached XP level 1. HP: 12/12 MP: 1/1
   190 | D:1      | Reached XP level 2. HP: 18/18 MP: 2/2
   230 | D:1      | Gained mutation: You are covered in fur. (AC +1) [potion of mutation]
   230 | D:1      | Gained mutation: Your body sometimes deteriorates upon taking damage. [potion of mutation]
   230 | D:1      | Gained mutation: You are robust. (+10% HP) [potion of mutation]
   439 | D:1      | Reached XP level 3. HP: 21/24 MP: 3/3
   461 | D:1      | Reached skill level 3 in Fighting
   461 | D:1      | Reached skill level 1 in Shields
   562 | D:1      | Found a glowing golden altar of the Shining One.
   966 | D:2      | Noticed Natasha
   975 | D:2      | Killed Natasha
   975 | D:2      | Reached XP level 4. HP: 30/30 MP: 4/4
   989 | D:2      | You fall through a shaft!
  1084 | D:3      | Found a sparkling altar of Nemelex Xobeh.
  1110 | D:3      | Found a sacrificial altar of Ru.
  1110 | D:3      | Found a shattered altar of Ashenzari.
  1127 | D:3      | Noticed Robin
  1150 | D:3      | Killed Robin
  1239 | D:3      | Reached XP level 5. HP: 34/36 MP: 5/5
  1382 | D:3      | Reached skill level 4 in Fighting
  1407 | D:3      | Found a roughly hewn altar of Beogh.
  1539 | D:3      | Noticed Ykky's ghost (amateur DsMo)
  1710 | D:2      | Noticed Natasha
  1719 | D:2      | Killed Natasha
  1871 | D:2      | Noticed Terence
  1889 | D:2      | Killed Terence
  1889 | D:2      | Reached XP level 6. HP: 42/42 MP: 6/6
  2200 | D:2      | Noticed Natasha
  2211 | D:2      | Killed Natasha
  2573 | D:4      | Found a bloodstained altar of Trog.
  2645 | D:4      | Noticed puimuR's ghost (weakling HOMo)
  2715 | D:4      | Reached skill level 5 in Fighting
  2715 | D:4      | Reached skill level 5 in Maces & Flails
  2715 | D:4      | Reached skill level 1 in Armour
  2715 | D:4      | Reached XP level 7. HP: 46/48 MP: 7/7
  2720 | D:4      | Noticed Blork the orc
  2741 | D:4      | Killed Blork the orc
  2995 | D:4      | Noticed Menkaure
  3006 | D:4      | Killed Menkaure
  3006 | D:4      | Reached XP level 8. HP: 26/56 MP: 8/8
  3443 | D:5      | Entered Level 5 of the Dungeon
  3455 | D:5      | Reached skill level 5 in Shields
  3457 | D:5      | Noticed Edmund
  3520 | D:4      | Killed Edmund
  3520 | D:4      | Reached skill level 6 in Fighting
  3786 | D:5      | Found a staircase to the Ecumenical Temple.
  3792 | Temple   | Entered the Ecumenical Temple
  4027 | Temple   | Became a worshipper of Makhleb the Destroyer
  4471 | D:6      | Reached skill level 1 in Invocations
  4585 | D:6      | Found Orreroin's Distillery.
  4593 | D:6      | Bought a potion of heal wounds for 65 gold pieces
  4620 | D:6      | Noticed Esekla's ghost (weakling FoCj)
  4855 | D:6      | Killed Esekla's ghost
  4960 | D:6      | Reached XP level 9. HP: 50/61 MP: 10/10
  5030 | D:6      | Got a faintly glowing war axe
  5046 | D:5      | Identified the +4 war axe of Torokk {elec, rF+} (You found it on level 6 of the Dungeon)
  5165 | D:6      | Reached * piety under Makhleb
  5175 | D:6      | Reached skill level 1 in Axes
  5265 | D:6      | Reached skill level 7 in Fighting
  5298 | D:6      | Found an iron altar of Okawaru.
  5365 | D:6      | Lost mutation: Your body sometimes deteriorates upon taking damage. [potion of mutation]
  5365 | D:6      | Lost mutation: You are robust. (+10% HP) [potion of mutation]
  5365 | D:6      | Lost mutation: You are covered in fur. (AC +1) [potion of mutation]
  5365 | D:6      | Gained mutation: You are partially covered in slimy green scales. (AC +2) [potion of mutation]
  5365 | D:6      | Gained mutation: You have a pair of small antennae on your head. [potion of mutation]
  5555 | D:7      | Reached skill level 5 in Armour
  5820 | D:7      | Noticed Joseph
  5830 | D:7      | Killed Joseph
  5886 | D:7      | Found a hide-covered altar of Uskayaw.
  6049 | D:7      | Reached ** piety under Makhleb
  6063 | D:7      | Reached XP level 10. HP: 53/64 MP: 13/13
  6410 | D:7      | Reached skill level 8 in Fighting
  6559 | D:8      | Found a flagged portal.
  6580 | Bailey   | Entered a bailey
  6797 | Bailey   | Reached skill level 5 in Axes
  6977 | Bailey   | Reached skill level 5 in Invocations
  7410 | Bailey   | Noticed an orc knight
  7415 | Bailey   | Killed an orc knight
  7581 | Bailey   | Got a scorched bronze amulet
  7582 | Bailey   | Identified the amulet "Ninaresk" {+Rage rPois Dex+2 Slay+3} (You found it in a bailey)
  7709 | D:8      | Noticed a death yak
  7743 | D:8      | Killed a death yak
  7855 | D:8      | Noticed a death yak
  7919 | D:8      | Reached *** piety under Makhleb
  7929 | D:8      | Found a staircase to the Lair.
  7956 | D:8      | Noticed a death yak
  7962 | D:8      | Killed a death yak
  7962 | D:8      | Reached skill level 9 in Fighting
  7962 | D:8      | Reached XP level 11. HP: 41/71 MP: 14/14
  7974 | D:8      | Killed a death yak
  8420 | D:8      | Noticed Roak's ghost (novice TrWr)
  8432 | D:8      | Killed Roak's ghost
  8857 | D:9      | Reached **** piety under Makhleb
  8867 | D:9      | Found a staircase to the Orcish Mines.
  8927 | D:9      | Reached skill level 10 in Fighting
  8944 | D:9      | Got a spiked ring mail
  8945 | D:9      | Identified the +5 ring mail of the Gravedigger {rF+} (You found it on level 9 of the Dungeon)
  9150 | D:9      | Noticed Erolcha
  9171 | D:9      | Killed Erolcha
  9358 | D:9      | Found a bloodstained altar of Trog.
  9596 | D:10     | Entered Level 10 of the Dungeon
  9687 | D:10     | Found a stormy altar of Qazlal.
  9719 | D:10     | Killed an unseen horror
  9788 | D:10     | Reached XP level 12. HP: 78/78 MP: 15/15
  9805 | D:10     | Reached ***** piety under Makhleb
 10121 | D:10     | Reached skill level 10 in Axes
 10233 | D:11     | Noticed a two-headed ogre
 10243 | D:11     | Killed a two-headed ogre
 10441 | D:11     | Reached skill level 11 in Fighting
 10480 | D:11     | Reached skill level 10 in Armour
 10634 | D:11     | Found Giyrid's Gadget Shop.
 10646 | D:11     | Noticed a centaur warrior
 10648 | D:11     | Killed a centaur warrior
 11513 | D:12     | Noticed Psyche
 11606 | D:12     | Killed Psyche
 11620 | D:12     | Reached XP level 13. HP: 62/85 MP: 16/16
 11962 | D:12     | Reached skill level 12 in Fighting
 12552 | D:13     | Reached ****** piety under Makhleb
 13321 | D:14     | Noticed a ghoul
 13336 | D:14     | Killed a ghoul
 13559 | D:14     | Noticed a ghoul
 13560 | D:14     | Noticed a ghoul
 13595 | D:14     | Killed a ghoul
 13607 | D:14     | Killed a ghoul
 13910 | D:14     | Gained mutation: Your large and strong wings let you fly indefinitely. [Gargoyle growth]
 13910 | D:14     | Reached XP level 14. HP: 70/92 MP: 17/17
 13972 | D:14     | Reached skill level 13 in Fighting
 14418 | D:14     | Found a gate to the Vaults.
 14583 | D:14     | Found the +7 Spriggan's Knife {MR+ EV+4 Dex+4 Stlth+}
 14698 | D:14     | Found Lilox's Magic Scroll Shoppe.
 14707 | D:14     | Bought a scroll of identify for 26 gold pieces
 15037 | Lair:1   | Entered Level 1 of the Lair of Beasts
 15311 | Lair:2   | Found a staircase to the Snake Pit.
 15976 | Lair:2   | Found a staircase to the Swamp.
 16238 | Lair:3   | Identified the Collected Works on the Supportive Rocks
 16610 | Lair:3   | Got a brightly glowing scale mail
 16621 | Lair:3   | Identified the +6 scale mail of the Circus Animal {rC+ Int+4} (You found it on level 3 of the Lair of Beasts)
 17206 | Lair:4   | Noticed Snorg
 17214 | Lair:4   | Killed Snorg
 17416 | Lair:4   | Reached XP level 15. HP: 93/100 MP: 19/19
 17782 | Lair:5   | Noticed Nessos
 17791 | Lair:5   | Killed Nessos
 18064 | Lair:5   | Found a staircase to the Slime Pits.
 18064 | Lair:5   | Found a viscous altar of Jiyva.
 18369 | Lair:5   | Reached skill level 14 in Fighting
 19457 | Lair:6   | Entered Level 6 of the Lair of Beasts
 19587 | Lair:6   | Reached skill level 15 in Axes
 20116 | Lair:6   | Identified the Volume of Ice and Execration
 20118 | Lair:6   | Got a brightly glowing broad axe
 20120 | Lair:6   | Identified the +5 broad axe of Karma {freeze, Stlth+} (You found it on level 6 of the Lair of Beasts)
 20705 | Orc:1    | Entered Level 1 of the Orcish Mines
 20939 | Orc:2    | Entered Level 2 of the Orcish Mines
 21185 | Orc:2    | Found a staircase to the Elven Halls.
 21259 | Orc:2    | Found Rulon's Weapon Shop.
 21692 | Orc:1    | Reached XP level 16. HP: 92/107 MP: 22/22
 22341 | Orc:2    | Found Oteprar's Food Shoppe.
 22346 | Orc:2    | Found Wuamay's Assorted Antiques.
 22351 | Orc:2    | Bought a scroll of identify for 54 gold pieces
 22354 | Orc:2    | Found Xoanoj's Weapon Shop.
 22362 | Orc:2    | Bought a +0 broad axe of flaming for 119 gold pieces
 22845 | Swamp:1  | Entered Level 1 of the Swamp
 22912 | Swamp:2  | Noticed a thorn hunter
 23139 | Swamp:1  | HP: 3/107 [spiny frog (8)]
 23409 | Snake:1  | Entered Level 1 of the Snake Pit
 23459 | Snake:1  | Noticed Aizul
 23474 | Snake:1  | Killed Aizul
 23709 | Snake:1  | Found a glowing silver altar of Zin.
 23771 | Snake:1  | Reached skill level 15 in Fighting
 25179 | Snake:4  | Entered Level 4 of the Snake Pit
 25196 | Snake:4  | Noticed a nagaraja
 25210 | Snake:4  | Killed a nagaraja
 25210 | Snake:4  | Reached skill level 5 in Dodging
 25269 | Snake:4  | Reached skill level 10 in Invocations
 25315 | Snake:4  | Noticed a nagaraja
 25323 | Snake:4  | Noticed a nagaraja
 25327 | Snake:4  | Killed a nagaraja
 25333 | Snake:4  | Killed a nagaraja
 25333 | Snake:4  | Reached XP level 17. HP: 113/113 MP: 17/24
 25361 | Snake:4  | Reached skill level 15 in Armour
 25518 | Snake:4  | Got a serpentine rune of Zot
 25534 | Snake:4  | Got a jewelled spear
 25764 | Snake:2  | Reached skill level 16 in Fighting
 25766 | Snake:2  | Identified a scroll of acquirement
 25768 | Snake:2  | Got a pitted battleaxe
 25769 | Snake:2  | Identified the +6 battleaxe "Lifebane" {flame, rF++ SInv} (You acquired it on level 2 of the Snake Pit)
 26691 | Snake:4  | Noticed Vashnia
 26718 | Snake:4  | Killed Vashnia
 26755 | Snake:4  | Noticed Roxanne
 26856 | Snake:4  | Reached XP level 18. HP: 116/120 MP: 18/26
 27393 | Snake:4  | Killed Roxanne
 28328 | Swamp:1  | Identified the +7 spear of the Unliving {pierce, Dex+4} (You found it on level 4 of the Snake Pit)
 28593 | Swamp:2  | Noticed a tentacled monstrosity
 28605 | Swamp:2  | Killed a tentacled monstrosity
 28809 | Swamp:2  | Found a basalt altar of Yredelemnul.
 30056 | Swamp:4  | Entered Level 4 of the Swamp
 30985 | Swamp:4  | Got a decaying rune of Zot
 31900 | D:15     | Entered Level 15 of the Dungeon
 32009 | D:15     | Reached skill level 17 in Fighting
 32276 | D:15     | Reached XP level 19. HP: 128/128 MP: 28/28
 32731 | D:15     | Found a staircase to the Depths.
 32800 | Vaults:1 | Entered Level 1 of the Vaults
 33914 | Vaults:2 | Noticed a lich
 33923 | Vaults:2 | Killed a lich
 34493 | Vaults:2 | Found a ruined gateway.
 34516 | Desolati | Entered the Desolation of Salt
 35122 | Vaults:2 | Reached XP level 20. HP: 136/136 MP: 30/30
 35137 | Vaults:2 | Found Tyzod's Gadget Shoppe.
 36194 | Vaults:3 | Reached skill level 18 in Fighting
 36321 | Vaults:4 | Reached skill level 10 in Dodging
 36346 | Vaults:4 | Got a steaming lead ring
 36522 | Vaults:4 | Identified the ring of Temptation {*Contam rElec rF+ rC+ MP+9 Dex+4} (You took it off an ironbrand convoker on level 4 of the Vaults)
 37657 | Vaults:5 | Entered Level 5 of the Vaults
 37671 | Vaults:5 | Reached XP level 21. HP: 142/142 MP: 32/32
 37817 | Vaults:5 | Reached skill level 15 in Invocations
 38047 | Vaults:5 | Reached skill level 19 in Fighting
 38068 | Vaults:5 | Got a crude plate armour
 38119 | Vaults:5 | Noticed a golden dragon
 38131 | Vaults:5 | Killed a golden dragon
 38209 | Vaults:5 | Noticed a golden dragon
 38216 | Vaults:5 | Gained mutation: You occasionally shout uncontrollably at your foes. [a neqoxec]
 38220 | Vaults:5 | Reached XP level 22. HP: 150/150 MP: 33/33
 38230 | Vaults:5 | Killed a golden dragon
 38700 | Vaults:5 | Got a translucent broad axe
 38702 | Vaults:5 | Identified the +11 broad axe of Valiance {flame, Str-3 Dex+4} (You found it on level 5 of the Vaults)
 38856 | Vaults:5 | Noticed a golden dragon
 38862 | Vaults:5 | Killed a golden dragon
 38973 | Vaults:5 | Got a silver rune of Zot
 39491 | Depths:1 | Entered Level 1 of the Depths
 39492 | Depths:1 | Identified the +4 plate armour of Otugikel {rF++ rCorr Str+2 Int-5} (You found it on level 5 of the Vaults)
 39512 | Depths:1 | Noticed Louise
 39515 | Depths:1 | Found a one-way gate to the infinite horrors of the Abyss.
 39521 | Depths:1 | Killed Louise
 39625 | Depths:1 | Noticed Pixllover's ghost (journeyman MiBe)
 39633 | Depths:1 | Killed Pixllover's ghost
 39706 | Depths:1 | Found a runed door.
 39722 | Depths:1 | Noticed a caustic shrike
 39727 | Depths:1 | Killed a caustic shrike
 39768 | Depths:1 | Got a brightly glowing plate armour
 39773 | Depths:1 | Identified the cursed +0 plate armour of Arineim {Dex+7} (You found it on level 1 of the Depths)
 40249 | Depths:1 | Found a gateway to Hell.
 40579 | Depths:2 | Found a runed door.
 40903 | Depths:2 | Reached skill level 20 in Fighting
 40976 | Depths:2 | Reached XP level 23. HP: 156/156 MP: 34/34
 41121 | Depths:2 | Found a runed gate.
 41121 | Depths:2 | Found a runed gate.
 41121 | Depths:2 | Found a runed gate.
 41140 | Depths:2 | Found a runed gate.
 41140 | Depths:2 | Found a runed gate.
 41140 | Depths:2 | Found a runed gate.
 41397 | Depths:3 | Found a hide-covered altar of Uskayaw.
 41397 | Depths:3 | Noticed a caustic shrike
 41397 | Depths:3 | Noticed a caustic shrike
 41815 | Depths:1 | Killed a caustic shrike
 42027 | Depths:2 | Killed a caustic shrike
 42570 | Depths:3 | Noticed a caustic shrike
 42580 | Depths:3 | Killed a caustic shrike
 42761 | Depths:4 | Noticed Jory
 42805 | Depths:4 | Killed Jory
 43347 | Depths:4 | Noticed the Enchantress
 43370 | Depths:4 | Killed the Enchantress
 43385 | Depths:4 | Got faerie dragon scales
 43573 | Depths:4 | Reached XP level 24. HP: 164/164 MP: 35/35
 43695 | Depths:4 | Paralysed by a sphinx for 7 turns
 44033 | Depths:5 | Entered Level 5 of the Depths
 44495 | Depths:5 | Reached skill level 21 in Fighting
 45062 | Depths:5 | Found a gate to the Realm of Zot.
 45148 | Zot:1    | Entered Level 1 of the Realm of Zot
 45406 | Zot:1    | Reached skill level 22 in Fighting
 46129 | Zot:1    | Reached XP level 25. HP: 173/173 MP: 35/35
 46647 | Zot:3    | Identified Laalosm's Grimoire of Earth and Air
 47385 | Zot:4    | Reached skill level 23 in Fighting
 47984 | Zot:5    | Entered Level 5 of the Realm of Zot
 48338 | Zot:5    | Noticed an ancient lich
 48355 | Zot:5    | Killed an ancient lich
 48423 | Zot:5    | Reached XP level 26. HP: 131/183 MP: 35/35
 48442 | Zot:5    | Reached skill level 15 in Dodging
 48695 | Zot:5    | Noticed an ancient lich
 48705 | Zot:5    | Noticed an ancient lich
 48939 | Zot:5    | Killed an ancient lich
 48965 | Zot:5    | Killed an ancient lich
 49168 | Zot:5    | Reached skill level 24 in Fighting
 49402 | Zot:5    | Noticed an orb of fire
 49418 | Zot:5    | Gained mutation: You expend magic power (3 MP) to strengthen your wands. [an orb of fire]
 49420 | Zot:5    | Noticed an orb of fire
 49428 | Zot:5    | Killed an orb of fire
 49431 | Zot:5    | Gained mutation: Your body sometimes deteriorates upon taking damage. [an orb of fire]
 49444 | Zot:5    | Gained mutation: You tend to lose your temper in combat. [an orb of fire]
 49445 | Zot:5    | Gained mutation: Scrolls take you a little longer to read. [an orb of fire]
 49454 | Zot:5    | Killed an orb of fire
 49608 | Zot:5    | Reached XP level 27. HP: 192/192 MP: 35/35
 49681 | Zot:5    | Noticed an orb of fire
 49681 | Zot:5    | Gained mutation: You are weak. (Str -2) [an orb of fire]
 49705 | Zot:5    | Killed an orb of fire
 49710 | Zot:5    | Got the Orb of Zot
 50193 | D:6      | Gained mutation: Scrolls take you longer to read. [a neqoxec]
 50194 | D:6      | Gained mutation: Your magical capacity is low. (-10% MP) [a neqoxec]
 50235 | D:4      | Noticed Eduet the pandemonium lord
 50332 | D:$      | Escaped with the Orb!

Skill      XL: |  1  2  3  4  5  6  7  8  9 10 11 12 13 14 15 16 17 18 19 20 21 22 23 24 25 26 27 |
---------------+----------------------------------------------------------------------------------+-----
Fighting       | 3 4 5 6 7 9 10 11 12 13 14 15 16 17 18 19 20 22 23 24 | 24.7
Shields        | 1 2 3 4 5 |  5.0
Maces & Flails | 4 5 7 |  7.3
Armour         | 1 2 4 6 7 9 10 12 13 14 15 16 17 18 19 20 21 22 | 22.6
Invocations    | 2 4 5 6 8 10 11 12 13 14 15 16 17 18 | 18.0
Axes           | 4 7 9 11 13 14 15 16 17 18 19 | 19.6
Dodging        | 3 5 6 8 9 10 11 12 13 14 15 | 15.7
Throwing       | |  1.7

Action                   |  1- 3 |  4- 6 |  7- 9 | 10-12 | 13-15 | 16-18 | 19-21 | 22-24 | 25-27 || total
-------------------------+-------+-------+-------+-------+-------+-------+-------+-------+-------++-------
Melee: Flail             |    23 |       |   103 |       |       |       |       |       |       ||   126
       Dagger            |   102 |   137 |       |       |       |       |       |       |       ||   239
       Mace              |       |   142 |   135 |       |       |       |       |       |       ||   277
       War axe           |       |       |   144 |   694 |   323 |       |       |       |       ||  1161
       Battleaxe         |       |       |       |       |   836 |  1256 |   997 |  1284 |   899 ||  5272
Throw: Throwing net      |       |     1 |     3 |       |     1 |       |       |       |       ||     5
       Stone             |       |       |       |    16 |    13 |       |       |       |       ||    29
       Javelin           |       |       |       |     2 |       |       |       |       |       ||     2
Invok: Lesser Servant of |       |       |       |     3 |    15 |    26 |    18 |     3 |       ||    65
       Minor Destruction |       |       |       |       |     1 |    34 |     1 |       |       ||    36
       Greater Servant o |       |       |       |       |       |     1 |     4 |     5 |     3 ||    13
       Major Destruction |       |       |       |       |       |     2 |       |     2 |       ||     4
 Abil: Fly               |       |       |       |       |     1 |       |       |       |       ||     1
       Evoke Berserk Rag |       |       |       |       |       |       |     1 |       |       ||     1
Evoke: Wand              |       |       |       |     1 |    21 |     4 |       |     3 |     3 ||    32
  Use: Potion            |     2 |       |     2 |     1 |     8 |    12 |    12 |     2 |     4 ||    43
       Scroll            |     1 |     2 |     9 |     5 |    26 |    19 |    18 |    19 |     8 ||   107
 Stab: Held in net/web   |       |       |     2 |       |       |       |       |       |       ||     2
       Paralysed         |       |       |       |     3 |       |       |       |       |       ||     3
       Distracted        |       |       |       |       |     4 |     4 |     8 |     7 |       ||    23
       Invisible         |       |       |       |       |       |     2 |       |       |       ||     2
       Fleeing           |       |       |       |       |       |     1 |       |       |       ||     1
  Eat: Chunk             |       |     6 |     8 |    16 |    19 |    14 |    14 |    20 |     6 ||   103
       Ration            |       |       |     1 |     1 |     8 |     6 |     2 |     2 |     3 ||    23
Armor: Leather armour    |    52 |    61 |       |       |       |       |       |       |       ||   113
       Chain mail        |       |    46 |   254 |   135 |       |       |       |       |       ||   435
       Plate armour      |       |       |       |   378 |   411 |       |       |       |       ||   789
       Ring mail         |       |       |       |       |   783 |   446 |       |       |       ||  1229
       Skin              |       |       |       |       |     7 |       |       |    14 |       ||    21
       Scale mail        |       |       |       |       |       |   511 |   189 |       |       ||   700
       Ice dragon scales |       |       |       |       |       |       |   626 |    60 |       ||   686
       Gold dragon scale |       |       |       |       |       |       |       |  1340 |   815 ||  2155
Dodge: Dodged            |    64 |   125 |   119 |   212 |   721 |   770 |   757 |   821 |   499 ||  4088
       Deflected         |       |       |       |       |       |       |       |     9 |    21 ||    30
Block: Buckler           |    14 |    55 |    84 |   163 |    64 |       |       |       |       ||   380
